AoeStats
← marius.zwei91

Arabia

510590470Analyzed
1v1 RM · 13h ago on Oct 1, 2026· 46m 34s· 2 players
Game mode
Random Map
Map size
Tiny (2 player)
Population
200
Speed
Normal
Resources
Standard
Victory
Conquest
Starting age
Dark Age
Ending age
Imperial Age
RankedLock teamsTeams togetherTeam positionsShared explorationLock speedFull tech treeHidden civsTurbo modeCheats
Victory
Defeat
🇩🇪 Saracens · Germany
756
+15
🇦🇷 Sicilians · Argentina
732
-15
Tincho fuenza
11:38 Feudal Age
12:25 Loom
18:08 Castle Age
18:33 Scale Mail Armor
25:09 Chain Mail Armor
33:55 Forging
40:35 Pikeman
marius.zwei91
8:12 Loom
11:30 Feudal Age
16:07 Castle Age
15:48 Fletching
15:57 Double-Bit Axe
19:50 Crossbowman
Connection lost

Rejoining the realm…

Still unreachable

The connection could not be restored.

Session expired

The server has moved on; the page needs a fresh start.